 Dungeon Crawl Stone Soup version 0.30-b1-2-g02819fbbbe (webtiles) character file.

Game seed: 10038634754745341404

3119 H0rd4k the Slicer (level 10, 0/76 HPs)
             Began as a Human Artificer on May 3, 2023.
             Was an Initiate of Gozag.
             Killed from afar by an acid dragon (28 damage)
             ... with a splash of acid
             ... on level 9 of the Dungeon.
             The game lasted 00:15:49 (11065 turns).

H0rd4k the Slicer (Human Artificer)                Turns: 11065, Time: 00:15:49

Health: 0/76       AC:  4    Str: 13    XL:     10   Next: 14%
Magic:  15/15      EV: 13    Int: 16    God:    Gozag
Gold:   418        SH:  0    Dex: 13    Spells: 16/16 levels left

rFire   . . .        k - +6 dagger
rCold   . . .        (no shield)
rNeg    . . .        b - +0 leather armour
rPois   .            (no helmet)
rElec   .            (no cloak)
rCorr   .            E - +1 pair of gloves
SInv    +            a - +2 pair of boots
Will    .....        I - amulet of magic regeneration
Stlth   ++           i - ring of wizardry
HPRegen 0.32/turn    y - ring of see invisible
MPRegen 0.54/turn

%: wizardry (x1)
@: corroded, studying Ranged Weapons
A: no striking features
a: Renounce Religion, Potion Petition, Call Merchant, Bribe Branch


You were on level 9 of the Dungeon.
You worshipped Gozag.
Gozag was aware of your devotion.
You visited 2 branches of the dungeon, and saw 10 of its levels.
You also visited: Sewer.

You collected 519 gold pieces.
You paid 101 gold pieces to Gozag.

Inventory:

Hand Weapons
 k - a +6 dagger (weapon)
 G - a +2 short sword of venom
 H - a +2 dagger of flaming
Missiles
 g - 27 poisoned darts
 r - 3 throwing nets
Armour
 a - a +2 pair of boots (worn)
 b - a +0 leather armour (worn)
 E - a +1 pair of gloves (worn)
Jewellery
 c - a +5 ring of evasion
 i - a ring of wizardry (left hand)
 t - a +6 ring of dexterity
 y - a ring of see invisible (right hand)
 F - a ring of protection from fire
 I - an amulet of magic regeneration (around neck)
 L - a ring of willpower
Wands
 e - a wand of acid (5)
 f - a wand of roots (8)
 B - a wand of flame (6) (quivered)
Scrolls
 d - 3 scrolls of magic mapping
 j - 3 scrolls of teleportation
 o - a scroll of noise
 p - 3 scrolls of poison
 u - 3 scrolls of immolation
 v - 5 scrolls of identify
 x - a scroll of fear
 D - a scroll of amnesia
 K - a scroll of summoning
Potions
 h - a potion of magic
 l - 6 potions of curing
 m - 2 potions of berserk rage
 n - 4 potions of lignification
 q - a potion of attraction {unknown}
 s - a potion of experience
 w - 2 potions of cancellation {unknown}
 z - 3 potions of brilliance {unknown}
 A - 3 potions of haste
 C - a potion of ambrosia {unknown}
 J - a potion of degeneration {unknown}


   Skills:
 + Level 5.7 Fighting
 + Level 8.1 Short Blades
 - Level 2.0 Armour
 + Level 5.8 Dodging
 + Level 4.1 Stealth
 * Level 3.6 Spellcasting
 + Level 5.0 Evocations


You had 16 spell levels left.
You didn't know any spells.
Your spell library contained the following spells:

 Spells                   Type           Power      Damage    Failure   Level
 Apportation              Tloc           4%         N/A       9%          1
 Beastly Appendage        Tmut           4%         N/A       9%          1
 Necrotise                Necr           8%         1d4       9%          1
 Wereblood                Tmut           2%         N/A       14%         2
 Spider Form              Tmut/Pois      2%         N/A       26%         3
 Stone Arrow              Conj/Erth      4%         3d7       26%         3
 Vampiric Draining        Necr           2%         2d6       26%         3
 Vhi's Electric Charge    Tloc/Air       4%         N/A       26%         3
 Animate Armour           Summ/Erth      4%         N/A       63%         4
 Agony                    Necr           2%         N/A       91%         5
 Alistair's Intoxication  Tmut/Pois      1%         N/A       91%         5
 Arcjolt                  Conj/Air       1%         1d11      91%         5
 Iskenderun's Battlesphe  Conj           2%         2d6       91%         5
 Iron Shot                Conj/Erth      1%         9d1       100%        6
 Spellforged Servitor     Conj/Summ      1%         N/A       100%        7
 Lehudib's Crystal Spear  Conj/Erth      1%         10d2      100%        8
 Maxwell's Capacitive Co  Air            1%         ∞         100%        8


Dungeon Overview and Level Annotations

Branches:
Dungeon (9/15)             Temple (1/1) D:7           Sewer (visited)
   Lair: D:8-11         Orc: D:9-12

Altars:
Ashenzari
Cheibriados
Dithmenos
Elyvilon
Fedhas
Gozag
Hepliaklqana
Kikubaaqudgha
Makhleb
Nemelex Xobeh
Okawaru
Qazlal
Ru
Sif Muna
Trog
Uskayaw
Vehumet
Xom
Yredelemnul
Zin
The Shining One

Shops:
D:1 [   D:5 *   D:8 [

Annotations:
D:5 Edmund
D:6 exclusion: downstairs
D:7 exclusion: downstairs
D:8 3 runed translucent doors, exclusions: acid dragon and 3 doors, Kuficiskuo's ghost, novice SpEn


Message History

The splash of acid hits you!
Aiming: Throw Flame
Press: ? - help, Shift-Dir - straight line, f - acid dragon
Aim: an acid dragon (catching its breath, 74% to hit)
The puff of flame hits the acid dragon!
The acid dragon is moderately wounded.
The puff of flame hits the acid dragon!
The acid dragon is heavily wounded.
The puff of flame hits the acid dragon.
The acid dragon is severely wounded.
The acid dragon spits acid at you. The splash of acid hits you!!
The acid corrodes you!
You are too injured to fight recklessly!
You are too injured to fight recklessly!
Aiming: Throw Flame
Press: ? - help, Q - select action, (/) - cycle Shift-Dir - straight line, f/p - acid dragon
Aim: an acid dragon (severely wounded, catching its breath, 74% to hit)
The puff of flame hits the acid dragon.
The acid dragon is almost dead.
Unknown command.
Aiming: Throw Flame
Press: ? - help, Q - select action, (/) - cycle Shift-Dir - straight line, f/p - acid dragon
Aim: an acid dragon (almost dead, catching its breath, 74% to hit)
The puff of flame hits the acid dragon.
The acid dragon is almost dead.
Unknown command.
Aiming: Throw Flame
Press: ? - help, Q - select action, (/) - cycle Shift-Dir - straight line, f/p - acid dragon
Aim: an acid dragon (almost dead, 74% to hit)
The puff of flame hits the acid dragon but does no damage.
The acid dragon is almost dead.
Unknown command.
Aiming: Throw Flame
Press: ? - help, Q - select action, (/) - cycle Shift-Dir - straight line, f/p - acid dragon
Aim: an acid dragon (almost dead, 74% to hit)
The puff of flame misses the acid dragon.
The acid dragon spits acid at you. The splash of acid hits you!!
You die...
Your body crumbles into a pile of gold.

# ....... # .....
... # ... #.# #
#'# #.# #.# #.# #
#.# #.# # ##.##
#.# #######...##
#D# .....#.....#
#@#
.###.##...######.#
.# #.###.#.......#
.###.#####.#######
...........#
############


You could see an acid dragon (catching breath).

Vanquished Creatures
  Grinder (D:3)
  A steam dragon (D:7)
  Duvessa (D:7)
  3 black bears (D:6)
  An orc warrior (D:7)
  4 sky beasts
  An ogre (D:7)
  3 centaurs
  A lemure (D:7)
  2 kobold brigands
  2 bullfrogs
  3 scorpions
  Dowan (D:7)
  5 killer bees (D:7)
  6 hounds
  A jelly (D:7)
  An orc priest (D:5)
  A gnoll bouda (D:7)
  4 iguanas
  3 sleepcaps
  Ijyb (D:5)
  2 orc wizards (D:5)
  4 gnolls (D:7)
  13 adders
  2 river rats (Sewer)
  2 shadow imps
  4 ufetubi
  3 dart slugs
  2 worms
  14 orcs
  8 endoplasms
  3 giant cockroaches (D:3)
  5 goblins
  6 hobgoblins
  5 jackals
  15 kobolds
  3 quokkas
  19 ball pythons
  3 bats (D:2)
  3 frilled lizards
  17 rats
179 creatures vanquished.

Vanquished Creatures (collateral kills)
  2 adders (Sewer)
  A river rat (Sewer)
  4 ball pythons (Sewer)
  14 rats (Sewer)
21 creatures vanquished.

Vanquished Creatures (others)
  A sky beast (D:6)
  A bullfrog (Sewer)
  3 adders
  A river rat (Sewer)
  A ball python (Sewer)
7 creatures vanquished.

Grand Total: 207 creatures vanquished

Notes
Turn   | Place    | Note
-------+----------+-------------------------------------------
     0 | D:1      | H0rd4k the Human Artificer began the quest for the Orb.
     0 | D:1      | Reached XP level 1. HP: 15/15 MP: 1/1
   188 | D:1      | Reached XP level 2. HP: 9/21 MP: 2/2
   364 | D:1      | Found Beolo's Antique Armour Boutique.
   642 | D:1      | Reached XP level 3. HP: 22/26 MP: 3/3
  1099 | D:2      | Found a faded altar of an unknown god.
  1614 | D:2      | Reached XP level 4. HP: 29/32 MP: 4/4
  1711 | D:3      | Reached skill level 1 in Short Blades
  2028 | D:3      | Identified a scroll of acquirement
  2028 | D:3      | Acquired a manual of Ranged Weapons
  2246 | D:3      | Reached skill level 2 in Short Blades
  2337 | D:3      | Noticed Grinder
  2338 | D:3      | Paralysed by Grinder for 4 turns
  2345 | D:3      | Killed Grinder
  2346 | D:3      | Reached skill level 3 in Short Blades
  2346 | D:3      | Reached XP level 5. HP: 17/38 MP: 5/5
  2346 | D:3      | Reached XP level 6. HP: 19/44 MP: 6/6
  2349 | D:3      | Noticed a black bear
  2406 | D:4      | Found a glowing drain.
  2458 | Sewer    | Entered a sewer
  2876 | Sewer    | Reached XP level 7. HP: 43/50 MP: 7/7
  2998 | Sewer    | Reached skill level 4 in Short Blades
  4108 | D:5      | Entered Level 5 of the Dungeon
  4394 | D:5      | Reached XP level 8. HP: 9/58 MP: 8/8
  4730 | D:5      | Noticed Ijyb
  4750 | D:5      | Killed Ijyb
  4906 | D:5      | Reached skill level 5 in Short Blades
  5361 | D:5      | HP: 1/58 [orc/+0 mace (4)]
  5603 | D:5      | Found Sacumeli's General Store.
  5723 | D:5      | Noticed Edmund
  6275 | D:6      | Reached skill level 6 in Short Blades
  6635 | D:6      | Reached skill level 1 in Spellcasting
  6795 | D:6      | Reached XP level 9. HP: 17/65 MP: 10/10
  7568 | D:7      | Reached skill level 7 in Short Blades
  7645 | D:7      | Reached skill level 5 in Dodging
  8329 | D:7      | Noticed Duvessa
  8330 | D:7      | Noticed Dowan
  8346 | D:7      | Killed Duvessa
  8349 | D:7      | Killed Dowan
  8350 | D:7      | Reached skill level 5 in Fighting
  9663 | D:7      | Found a staircase to the Ecumenical Temple.
  9669 | Temple   | Entered the Ecumenical Temple
  9967 | Temple   | Became a worshipper of Gozag Ym Sagoz the Greedy
 10101 | D:8      | Reached XP level 10. HP: 56/74 MP: 14/14
 10117 | D:8      | Reached skill level 5 in Evocations
 10422 | D:8      | Reached skill level 8 in Short Blades
 10497 | D:8      | Found Tudeogah's Armour Shoppe.
 10605 | D:8      | Found a runed translucent gate.
 10605 | D:8      | Noticed Kuficiskuo's ghost (novice SpEn)
 10606 | D:8      | Found a runed translucent gate.
 10607 | D:8      | Found a runed translucent gate.
 11065 | D:9      | Killed from afar by an acid dragon

Illustrated notes

Levels and vault maps discovered:
D:1:      nzn_arrival_crosshair, layout_basic, serial_shops, shop
D:2:      layout_basic, nicolae_ecumenical_lake_church
D:3:      minmay_door_path, layout_basic, uniq_grinder
D:4:      layout_basic, portal_sewer_entry_d, minmay_liquid_box,
          kennysheep_generic_room_10
D:5:      layout_loops_corners, serial_shops, nicolae_shop_crystal,
          grunt_decor_resistance, uniq_ijyb, uniq_edmund
D:6:      layout_basic
D:7:      layout_basic, minmay_temple_entry_fiery, uniq_duvessa
D:8:      layout_cave_pools, biasface_ghost_orc_armoury, serial_shops, shop,
          hangedman_decor_opposing, uniq_pikel
D:9:      layout_loops_corners, chequers_decorated_corner, grunt_decor_fettered
Temple:   regret_index_temple_sigil_plot

Skill      XL: |  1  2  3  4  5  6  7  8  9 10 |
---------------+-------------------------------+-----
Evocations     | 4 5 |  5.0
Short Blades   | 3 4 6 7 8 |  8.1
Fighting       | 2 3 4 5 |  5.7
Dodging        | 2 3 4 5 |  5.8
Stealth        | 2 3 4 |  4.1
Spellcasting   | 1 3 |  3.6
Armour         | |  2.0

Action                     |  1- 3 |  4- 6 |  7- 9 | 10-12 || total
---------------------------+-------+-------+-------+-------++-------
  Melee: Club              |    28 |       |       |       ||    28
         Dagger            |    94 |   144 |   512 |    60 ||   810
         Punch             |       |     1 |    11 |     1 ||    13
  Evoke: Wand              |     9 |    13 |    25 |     9 ||    56
    Use: Scroll            |       |     7 |    13 |       ||    20
         Potion            |       |       |     3 |       ||     3
   Stab: Sleeping          |     3 |     3 |     2 |       ||     8
         Distracted        |       |       |     2 |       ||     2
 Armour: Leather armour    |    30 |    39 |    87 |    21 ||   177
  Dodge: Dodged            |    79 |   101 |   297 |    39 ||   516
